 Dungeon Crawl Stone Soup version 0.30-a0-540-g0af01429fa (webtiles) character file.

Game seed: 7144185900256631085

28 Khashishi the Grasshopper (level 3, 0/42 HPs)
             Began as a Human Warper on Dec 25, 2022.
             Succumbed to an adder's poison
             ... on level 2 of the Dungeon.
             The game lasted 00:03:03 (568 turns).

Khashishi the Grasshopper (Human Warper)             Turns: 568, Time: 00:03:04

Health: 0/42       AC:  6    Str: 13    XL:     3   Next: 27%
Magic:  6/6        EV:  9    Int: 13    God:
Gold:   48         SH:  0    Dex: 12    Spells: 4/6 levels left

rFire   . . .      SeeInvis .    a - +0 spear
rCold   . . .      Faith    .    (no shield)
rNeg    . . .      Spirit   .    l - +0 scale mail
rPois   .          Reflect  .    (no helmet)
rElec   .          Harm     .    (no cloak)
rCorr   .          Rampage  .    (no gloves)
Will    .....                    (no boots) Stlth
                                 (no amulet)
HPRegen 0.27/turn                (no ring)
MPRegen 0.10/turn                (no ring)

@: berserking (expiring), lethally poisoned (0 -> -8), very quick
A: no striking features
a: no special abilities


You were on level 2 of the Dungeon.
You visited 1 branch of the dungeon, and saw 2 of its levels.

You collected 48 gold pieces.

Inventory:

Hand Weapons
 a - a +0 spear (weapon)
 b - a +0 sling
Missiles
 d - 6 boomerangs of dispersal (quivered)
Armour
 i - a +0 leather armour
 l - a +0 scale mail (worn)
Scrolls
 c - a scroll of blinking
 e - a scroll of teleportation {unknown}
 f - a scroll of enchant weapon {unknown}
 h - a scroll of vulnerability {unknown}
 j - a scroll of poison {unknown}
 n - a scroll of amnesia {unknown}
Potions
 m - a potion of mutation {unknown}


   Skills:
 + Level 2.3 Fighting
 + Level 2.3 Polearms
 + Level 0.5 Ranged Weapons
 - Level 1.0 Throwing
 + Level 1.5 Armour
 + Level 2.3 Dodging
 - Level 2.0 Spellcasting
 - Level 3.0 Translocations


You had 4 spell levels left.
You knew the following spells:

 Your Spells              Type           Power      Damage    Failure   Level
a - Blink                 Tloc           18%        N/A       45%         2

Your spell library contained the following spells:

 Spells                   Type           Power      Damage    Failure   Level
 Lesser Beckoning         Tloc           18%        N/A       71%         3
 Teleport Other           Tloc           9%         N/A       71%         3
 Vhi's Electric Charge    Tloc/Air       10%        N/A       88%         3
 Manifold Assault         Tloc           9%         N/A       98%         4


Dungeon Overview and Level Annotations

Branches:
Dungeon (2/15)

Altars:


Message History

You miss the adder.
The adder is lightly wounded.
You feel very sick. The adder closely misses you.
It was a potion of magic.
Magic courses through your body.
You feel sick. The adder bites you.
You are lethally poisoned!
The adder poisons you!
It was a potion of berserk rage.
A red film seems to cover your vision as you go berserk!
You feel yourself moving faster!
You feel mighty!
You feel very sick. The adder closely misses you. x2
You closely miss the adder.
You feel sick.
You puncture the adder!
The adder is almost dead.
* * * LOW HITPOINT WARNING * * *
You feel sick. The adder bites you.
* * * LOW HITPOINT WARNING * * *
You are more poisoned.
The adder poisons you!
You miss the adder.
The adder is almost dead.
* * * LOW HITPOINT WARNING * * *
You feel sick. The adder bites you.
* * * LOW HITPOINT WARNING * * *
You puncture the adder!
You kill the adder!
* * * LOW HITPOINT WARNING * * *
You feel sick.
You have reached level 3!
Your experience leads to an increase in your attributes!
Increase (S)trength, (I)ntelligence, or (D)exterity?
You feel stronger. x2
Found a scroll labelled OTEEPL MAMOGG.
* * * LOW HITPOINT WARNING * * *
You feel sick.
You see here an adder corpse.
You feel a strong urge to attack something.
You die...

##.#..# ##.#.# ###.# .
#.# .? #.############ ..
####.##....)....###.#
#.......#...........###
##.##.####.#####†.......
......# #.# #@###.>..
......# #.# #.# ..
......# #.# #.. ......#
#.# #..# ......# #.#
.... ####### #^# #..##
#..# #...


There were no monsters in sight!

Vanquished Creatures
  An adder (D:2)
  2 ball pythons (D:1)
  An endoplasm (D:2)
  2 giant cockroaches
  4 hobgoblins
  2 kobolds
  A bat (D:1)
  A frilled lizard (D:1)
  2 goblins (D:1)
  A rat (D:1)
17 creatures vanquished.

Vanquished Creatures (others)
  4 toadstools (D:1)
4 creatures vanquished.

Grand Total: 21 creatures vanquished

Notes
Turn   | Place    | Note
-------+----------+-------------------------------------------
     0 | D:1      | Khashishi the Human Warper began the quest for the Orb.
     0 | D:1      | Reached XP level 1. HP: 16/16 MP: 3/3
    59 | D:1      | Found a faded altar of an unknown god.
   130 | D:1      | Reached XP level 2. HP: 22/22 MP: 5/5
   210 | D:1      | Learned a level 2 spell: Blink
   567 | D:2      | Reached XP level 3. HP: 2/28 MP: 6/6
   567 | D:2      | HP: 1/42 [poisoned by an adder]
   568 | D:2      | Succumbed to an adder's poison

Illustrated notes

Levels and vault maps discovered:
D:1:      ldierk_walled_garden_2, layout_rooms,
          dreamdust_ecumenical_altar_angels_and_demons
D:2:      layout_loops_ring

Action                   || total
-------------------------++-------
Melee: Spear             ||    45
 Fire: Sling             ||    16
Throw: Boomerang         ||     1
  Use: Potion            ||     2
Armor: Leather armour    ||     1
       Scale mail        ||     9
Dodge: Dodged            ||    18

Table legend: (Time is in decaauts)
 A = Elapsed time spent in this place.
 B = Non-inter-level travel time spent in this place.
 C = Inter-level travel time spent in this place.
 D = Time resting spent in this place.
 E = Time spent auto-exploring this place.
 F = Levels seen in this place.
 G = Mean time per level.
                   A        B        C        D        E       F      G
               +--------+--------+--------+--------+--------+-----+--------+
         Total |    571 |    551 |     20 |      0 |    352 |   2 |  285.5 |
       Dungeon |    571 |    551 |     20 |      0 |    352 |   2 |  285.5 |
               +--------+--------+--------+--------+--------+-----+--------+

Top non-repeatable levels by time:
     D:1: 418 daAuts
     D:2: 153 daAuts
